 Dungeon Crawl Stone Soup version 0.25-a0-44-g29a1220a87 (webtiles) character file.

Game seed: 4070253496199461692, levelgen mode: deterministic

30 Iscandelvey the Vexing (level 3, 25/26 HPs)
             Began as a Demonspawn Arcane Marksman on Oct 23, 2019.
             Quit the game on level 1 of the Dungeon.
             The game lasted 00:00:53 (429 turns).

Iscandelvey the Vexing (Demonspawn Arcane Marksman)  Turns: 429, Time: 00:00:53

Health: 25/26      AC:  2    Str: 10    XL:     3   Next: 3%
Magic:  4/4        EV: 12    Int: 15    God:
Gold:   37         SH:  0    Dex: 13    Spells: 3/4 levels left

rFire    + . .     SeeInvis .   a - +0 hunting sling
rCold    . . .     Gourm    .   (no shield)
rNeg     . . .     Faith    .   e - +0 robe
rPois    .         Spirit   .   (no helmet)
rElec    .         Reflect  .   (no cloak)
rCorr    .         Harm     .   (no gloves)
MR       .....                  (no boots)
Stlth    +.........             (no amulet)
HPRegen  0.08/turn              (no ring)
MPRegen  0.09/turn              (no ring)

@: no status effects
A: fire resistance 1, flame cloud immunity
a: no special abilities


You were on level 1 of the Dungeon.
You were not hungry.

You visited 1 branch of the dungeon, and saw 1 of its levels.

You collected 37 gold pieces.

Inventory:

Hand Weapons
 a - a +0 hunting sling (weapon)
Missiles
 d - 16 sling bullets (quivered)
 g - 18 stones
Armour
 e - a +0 robe (worn)
Scrolls
 b - 2 scrolls of remove curse {unknown}
 h - a scroll of enchant weapon {unknown}
 i - 2 scrolls of identify {unknown}
 j - a scroll of amnesia {unknown}
 l - a scroll of teleportation {unknown}
Potions
 c - 2 potions of mutation {unknown}
 k - a potion of flight {unknown}
Comestibles
 f - 2 rations


   Skills:
 + Level 1.1 Fighting
 + Level 2.7 Slings
 + Level 2.0 Dodging
 + Level 1.1 Spellcasting
 + Level 3.1 Hexes


You had 3 spell levels left.
You knew the following spells:

 Your Spells              Type           Power        Failure   Level  Hunger
a - Corona                Hex            ##.....      7%          1    ##.....

Your spell library contained the following spells:

 Spells                   Type           Power        Failure   Level  Hunger
 Slow                     Hex            ##......     11%         2    ###....
 Inner Flame              Hex/Fire       #.......     36%         3    ####...
 Portal Projectile        Hex/Tloc       #.....       36%         3    ####...
 Cause Fear               Hex            ##........   56%         4    #####..
 Leda's Liquefaction      Hex/Erth       #.........   77%         4    #####..


Dungeon Overview and Level Annotations

Branches:
Dungeon (1/15)

Altars:


Innate Abilities, Weirdness & Mutations

Your flesh is heat resistant. (rF+)
You are immune to clouds of flame.


Message History

Aim: a hobgoblin (heavily wounded)
You shoot a sling bullet. The sling bullet hits the hobgoblin.
The hobgoblin is heavily wounded.
A hobgoblin is nearby!
Firing (i - inventory. (/) - cycle)
d - 11 sling bullets (quivered)
Press: ? - help, Shift-Dir - straight line, f/p - hobgoblin
Aim: a hobgoblin (heavily wounded)
You shoot a sling bullet. The sling bullet hits the hobgoblin.
You kill the hobgoblin!
d - 12 sling bullets (gained 2)
d - 13 sling bullets (gained 1)
You now have 37 gold pieces (gained 13).
d - 14 sling bullets (gained 1)
You see here a hobgoblin corpse.
d - 15 sling bullets (gained 1)
Found a dagger.
d - 16 sling bullets (gained 1) No target in view!
Found a hand axe.
Are you sure you want to abandon this character and quit the game? (Confirm with "yes".)

(.+.#.......... ..#.#
....... ..#.# .......
..#.# .......
#.#'##...(..)...####+##
#....#................#
#....#.(..............#
#....#.. ..)..........#
#....#.# #.###@.....#
###'##.#####.##.......#
.............##.......#
................†.....#
.......##.............#
...##..##.............#
...##..##.......####+##
......>##.......####.#
........+............#


There were no monsters in sight!

Vanquished Creatures
  An ooze (D:1)
  2 dart slugs (D:1)
  4 bats (D:1)
  2 goblins (D:1)
  5 hobgoblins (D:1)
  A kobold (D:1)
  A ball python (D:1)
  2 frilled lizards (D:1)
  4 rats (D:1)
22 creatures vanquished.

Notes
Turn   | Place    | Note
-------+----------+-------------------------------------------
     0 | D:1      | Iscandelvey the Demonspawn Arcane Marksman began the quest
                  | for the Orb.
     0 | D:1      | Reached XP level 1. HP: 15/15 MP: 2/2
    88 | D:1      | Gained mutation: Your flesh is heat resistant. (rF+)
                  | [demonic ancestry]
    88 | D:1      | Reached XP level 2. HP: 18/21 MP: 3/3
   393 | D:1      | Gained mutation: You are immune to clouds of flame.
                  | [demonic ancestry]
   393 | D:1      | Reached XP level 3. HP: 22/26 MP: 4/4
   429 | D:1      | Quit the game

Levels and vault maps discovered:
D:1:      psy_arrival_conway, layout_basic

Skill      XL: |  1 |
---------------+----+-----
Slings         | 2 |  2.7
Dodging        | 2 |  2.0
Fighting       | |  1.1
Spellcasting   | |  1.1
Hexes          | |  3.1

Action                   || total
-------------------------++-------
 Fire: Hunting sling     ||    55
Dodge: Dodged            ||     2

Table legend:
 A = Non-vault XP
 B = Vault XP
 C = Vault XP percentage of total XP
 D = Non-vault monster count
 E = Vault monster count
 F = Vault count percentage of total count
                 A         B        C        D         E       F
            +---------+---------+-------+---------+---------+-------
      Total |      43 |       0 |   0.0 |      22 |       0 |   0.0
            +---------+---------+-------+---------+---------+-------
        D:1 |      43 |       0 |   0.0 |      22 |       0 |   0.0
            +---------+---------+-------+---------+---------+-------
